 Dungeon Crawl Stone Soup version 0.30-b1-2-g02819fbbbe (webtiles) character file.

Game seed: 9091234733008028388

55 maniek23 the Vexing (level 3, -3/28 HPs)
             Began as a Gnoll Hexslinger on July 26, 2023.
             Killed by nerve-wracking pain
             ... invoked by Jessica
              (14 damage)
             ... on level 2 of the Dungeon.
             The game lasted 00:04:43 (1254 turns).

maniek23 the Vexing (Gnoll Hexslinger)              Turns: 1254, Time: 00:04:43

Health: -3/28      AC:  3    Str:  9    XL:     3   Next: 93%
Magic:  7/7        EV: 13    Int: 12    God:
Gold:   81         SH:  0    Dex: 14    Spells: 6/7 levels left

rFire   . . .        a - +1 sling
rCold   . . .        (no shield)
rNeg    . . .        c - +0 robe
rPois   .            l - +0 helmet
rElec   .            (no cloak)
rCorr   .            (no gloves)
SInv    .            (no boots)
Will    .....        (no amulet)
Stlth   ++           (no ring)
HPRegen 0.24/turn    (no ring)
MPRegen 0.10/turn

%: no passive effects
@: no status effects
A: fangs 1, strong nose, distributed training
a: no special abilities


You were on level 2 of the Dungeon.
You visited 1 branch of the dungeon, and saw 2 of its levels.

You collected 81 gold pieces.

Inventory:

Hand Weapons
 a - a +1 sling (weapon)
 b - a +2 dagger of draining
Armour
 c - a +0 robe (worn)
 l - a +0 helmet (worn)
Scrolls
 e - a scroll of blinking {unknown}
 h - a scroll of magic mapping {unknown}
 j - 2 scrolls of identify {unknown}
 k - a scroll of fear {unknown}
 m - 2 scrolls of poison
Potions
 d - 2 potions of ambrosia {unknown}
 f - a potion of heal wounds
 g - a potion of flight {unknown}
 i - a potion of invisibility {unknown}


   Skills:
 + Level 2.7 Fighting
 + Level 1.0 Short Blades
 + Level 1.0 Long Blades
 + Level 1.0 Axes
 + Level 1.0 Maces & Flails
 + Level 1.0 Polearms
 + Level 1.0 Staves
 + Level 4.6 Ranged Weapons
 + Level 1.0 Throwing
 + Level 1.0 Armour
 + Level 4.6 Dodging
 + Level 1.0 Stealth
 + Level 1.0 Shields
 + Level 1.0 Unarmed Combat
 + Level 2.9 Spellcasting
 + Level 0.7 Conjurations
 + Level 5.4 Hexes
 + Level 0.7 Summonings
 + Level 0.7 Necromancy
 + Level 0.7 Translocations
 + Level 0.7 Transmutations
 + Level 0.7 Fire Magic
 + Level 0.7 Ice Magic
 + Level 0.7 Air Magic
 + Level 0.7 Earth Magic
 + Level 0.7 Poison Magic
 + Level 1.1 Invocations
 + Level 1.0 Evocations


You had 6 spell levels left.
You knew the following spells:

 Your Spells              Type           Power      Damage    Failure   Level
a - Slow                  Hex            56%        N/A       2%          1

Your spell library contained the following spells:

 Spells                   Type           Power      Damage    Failure   Level
 Inner Flame              Hex/Fire       9%         N/A       21%         3
 Portal Projectile        Hex/Tloc       18%        N/A       21%         3
 Cause Fear               Hex            7%         N/A       26%         4
 Cigotuvi's Dreadful Rot  Necr/Pois/Air  6%         N/A       28%         2
 Ignite Poison            Fire/Tmut/Pois 3%         N/A       50%         3
 Freezing Cloud           Conj/Ice/Air   1%         6-21      99%         5


Dungeon Overview and Level Annotations

Branches:
Dungeon (2/15)

Altars:
Xom

Annotations:
D:2 Jessica


Innate Abilities, Weirdness & Mutations

You have very sharp teeth.
Your uncanny sense of smell can sniff out nearby items.
Your experience applies equally to all skills.


Message History

Jessica blinks!
Found 7 gold pieces.
Jessica casts a spell.
Jessica blinks!
Casting: Slow (safe; 2% risk of failure)
Confirm with . or Enter, or press ? or * to list all spells.
Aiming: Slow (safe; 2% risk of failure)
Press: ? - help, Shift-Dir - straight line, f - Jessica
Aim: Jessica, wielding a +0 dagger and wearing a +0 robe (chance to affect: 56%) Jessica seems to slow down.
Jessica shouts, "You're disturbing me!
I'll have to kill you!"
You shoot a sling bullet. The sling bullet barely misses Jessica.
You shoot a sling bullet. The sling bullet barely misses Jessica.
You shoot a sling bullet. The sling bullet hits Jessica.
Jessica is moderately wounded.
You shoot a sling bullet.
The sling bullet closely misses Jessica.
Jessica gestures at you while chanting. Pain shoots through your body!
You shoot a sling bullet. The sling bullet hits Jessica.
Jessica is severely wounded.
You shoot a sling bullet. The sling bullet barely misses Jessica.
Jessica drinks a potion.
Jessica is healed!
You shoot a sling bullet. The sling bullet hits Jessica.
Jessica is heavily wounded.
You shoot a sling bullet. The sling bullet hits Jessica.
Jessica is heavily wounded.
Jessica points at you and mumbles some strange words.
Pain shoots through your body!
You are too injured to fight recklessly!
You are too injured to fight recklessly!
Jessica is no longer moving slowly.
Jessica very coldly says, "I hate your company."
Jessica points at you and mumbles some strange words.
You resist with some effort.
An adder comes into view.
Jessica casts a spell at you. Pain shoots through your body!
Ouch! That really hurt!
You die...

##### ###.... #######
...>...###########......
#..............#......
#....@...#####........
#...S###.@..####......
#.... ####..# #######
##.## ##.## #..
#.@####### ...
#......... ##.
#......... #. #.........
#.........


You could see an adder and Jessica.

Vanquished Creatures
  An adder (D:2)
  A dart slug (D:2)
  2 ball pythons (D:1)
  5 endoplasms
  5 giant cockroaches
  5 goblins (D:1)
  5 hobgoblins
  4 jackals (D:1)
  A quokka (D:1)
  2 frilled lizards (D:1)
  4 kobolds
  4 rats (D:1)
39 creatures vanquished.

Vanquished Creatures (others)
  An endoplasm (D:1)
1 creature vanquished.

Grand Total: 40 creatures vanquished

Notes
Turn   | Place    | Note
-------+----------+-------------------------------------------
     0 | D:1      | maniek23 the Gnoll Hexslinger began the quest for the Orb.
     0 | D:1      | Reached XP level 1. HP: 17/17 MP: 4/4
   197 | D:1      | Reached XP level 2. HP: 23/23 MP: 5/5
   517 | D:1      | Reached XP level 3. HP: 28/28 MP: 7/7
   641 | D:1      | Reached skill level 1 in Invocations
  1037 | D:1      | fire protected artefacts
  1043 | D:2      | Found a shimmering altar of Xom.
  1231 | D:2      | Noticed Jessica
  1233 | D:2      | Reached skill level 1 in Short Blades
  1233 | D:2      | Reached skill level 1 in Long Blades
  1233 | D:2      | Reached skill level 1 in Axes
  1233 | D:2      | Reached skill level 1 in Maces & Flails
  1233 | D:2      | Reached skill level 1 in Polearms
  1233 | D:2      | Reached skill level 1 in Staves
  1233 | D:2      | Reached skill level 1 in Throwing
  1233 | D:2      | Reached skill level 1 in Armour
  1233 | D:2      | Reached skill level 1 in Stealth
  1233 | D:2      | Reached skill level 1 in Shields
  1233 | D:2      | Reached skill level 1 in Unarmed Combat
  1233 | D:2      | Reached skill level 1 in Evocations
  1254 | D:2      | Killed from afar by Jessica

Illustrated notes

#....# #..###.## #########8.#
#... ##.......8†.###)##
###...8...)...#....# # § #
#....##########.##.#
######...#####.###......# ##.##.#
#.○§§.)[(.§§§..###.###..# #...#.#
..☼☼°).?!.........÷###..# #...#.#
..§.○.!?..§§...#@....#..# #......
.#####...#####.#........####.##.#
.# #..§# #..........†....##.# .#
#§°.# #.#.....#..####.##.# .#
#.§.# #.#.....#..# #.##.# .#
#...# ##.....###..# #.##.#
.######.#####.....).....# #.....
..............####.###.## #.##.#
#############.####.###.# #.##.#


Turn 1037 on D:1: fire protected artefacts

Levels and vault maps discovered:
D:1:      roderic_crossed_star, layout_loops_ring, chequers_decorated_corner,
          lemuel_flame_loot_1
D:2:      layout_rooms, serial_shops, nicolae_shop_window_shopping, basic_altar,
          minmay_3d_cube, uniq_jessica

Skill      XL: |  1  2  3 |
---------------+----------+-----
Invocations    | 1 |  1.1
Short Blades   | 1 |  1.0
Long Blades    | 1 |  1.0
Axes           | 1 |  1.0
Maces & Flails | 1 |  1.0
Polearms       | 1 |  1.0
Staves         | 1 |  1.0
Throwing       | 1 |  1.0
Armour         | 1 |  1.0
Stealth        | 1 |  1.0
Shields        | 1 |  1.0
Unarmed Combat | 1 |  1.0
Evocations     | 1 |  1.0
Fighting       | |  2.7
Ranged Weapons | |  4.6
Dodging        | |  4.6
Spellcasting   | |  2.9
Conjurations   | |  0.7
Hexes          | |  5.4
Summonings     | |  0.7
Necromancy     | |  0.7
Translocations | |  0.7
Transmutations | |  0.7
Fire Magic     | |  0.7
Ice Magic      | |  0.7
Air Magic      | |  0.7
Earth Magic    | |  0.7
Poison Magic   | |  0.7

Action                     || total
---------------------------++-------
   Fire: Sling             ||   108
   Cast: Slow              ||     1
 Armour: Robe              ||     2
  Dodge: Dodged            ||     9
